 Dungeon Crawl Stone Soup version 0.18-a0-1211-g828307d (webtiles) character file.

2417 Borgoz the Skirmisher (level 9, -3/80 HPs)
             Began as a Ghoul Abyssal Knight on Feb 2, 2016.
             Was an Elder of Lugonu.
             Slain by a yak (13 damage)
             ... on level 9 of the Dungeon.
             The game lasted 00:20:27 (7512 turns).

Borgoz the Skirmisher (Ghoul Abyssal Knight)        Turns: 7512, Time: 00:20:27

Health: -3/80      AC:  5    Str: 16    XL:     9   Next: 47%
Magic:  9/9        EV: 14    Int:  7    God:    Lugonu [****..]
Gold:   368        SH:  0    Dex: 11    Spells: 0 memorised, 8 levels left

rFire  . . .     SeeInvis .       - Unarmed
rCold  + . .     Gourm    .     w - +0 leather armour "Puatwoyt" {rCorr Stlth+} (curse)
rNeg   + + +     Faith    .     (no shield)
rPois  ∞         Spirit   .     (no helmet)
rElec  .         Dismiss  .     v - +1 cloak {MR+}
rCorr  +         Reflect  .     (no gloves)
SustAt .         Harm     .     (no boots)
MR     +....                    (no amulet)
Stlth  +++.......               (no ring)
                                (no ring)

@: rotting, somewhat resistant to hostile enchantments, fairly stealthy
A: rotting body, claws 1, carnivore 3, cold resistance 1, negative energy
resistance 3, slow regeneration 1, torment resistance, unbreathing
a: Depart the Abyss, Bend Space, Banish, Corrupt, Renounce Religion


You were on level 9 of the Dungeon.
You worshipped Lugonu.
Lugonu was greatly pleased with you.
You were not hungry.

You visited 1 branch of the dungeon, and saw 8 of its levels.
You visited the Abyss 1 time.

You collected 368 gold pieces.

Inventory:

Armour
 v - a +1 cloak of magic resistance (worn)
 w - the cursed +0 leather armour "Puatwoyt" (worn) {rCorr Stlth+}
   (You found it on level 4 of the Dungeon)

   It protects you from acid and corrosion.
   It makes you more stealthy.
   It has a curse placed upon it.
Wands
 q - a wand of slowing (29/48)
 C - a wand of acid (10/15)
Scrolls
 c - 2 scrolls of recharging {unknown}
 d - a scroll of teleportation
 f - a scroll of enchant weapon {unknown}
 j - a scroll of blinking {unknown}
 k - 6 scrolls of identify {unknown}
 m - 3 scrolls of magic mapping {unknown}
 n - 7 scrolls of remove curse {unknown}
 o - 4 scrolls of amnesia {unknown}
 r - a scroll of fear {unknown}
 x - a scroll of fog {unknown}
 y - a scroll of silence {unknown}
 z - a scroll of enchant armour {unknown}
Potions
 g - 3 potions of agility
 h - 3 potions of haste
 i - a potion of poison
 l - a potion of curing
Comestibles
 a - 9 slices of pizza
 b - a meat ration
 p - a chunk of flesh
 t - a royal jelly
 u - a beef jerky


   Skills:
 * Level 7.7 Fighting
 + Level 4.1 Armour
 * Level 7.3 Dodging
 + Level 2.6 Stealth
 + Level 5.7 Unarmed Combat
 + Level 2.4 Invocations


You had 8 spell levels left.
You didn't know any spells.

Dungeon Overview and Level Annotations

Branches:
Dungeon (9/15)
 Temple: D:4-7         Lair: D:8-11         Orc: D:9-12

Altars:
Ashenzari
Dithmenos
Elyvilon
Fedhas
Pakellas
Qazlal
Trog
Xom
Zin

Shops:
D:5 [


Innate Abilities, Weirdness & Mutations

Your body is rotting away.
You thrive on raw meat.
You are immune to poison.
You have sharp fingernails.
You are carnivorous and can eat meat at any time.
Your flesh is cold resistant.
You are immune to negative energy.
You regenerate slowly when monsters are visible.
You are immune to unholy pain and torment.
You can survive without breathing.


Message History

You open the door.
There is an open door here.
The yak closely misses you. The yak barely misses you.
There is an open door here.
The yak barely misses you.
You close the door.
The yak gores you! The yak barely misses you.
You open the door. The yak gores you!
You claw the yak!
The yak is moderately wounded.
The yak gores you! x2
The yak misses you. The yak gores you! The yak closely misses you.
The yak closely misses you. The yak gores you. The yak gores you!
* * * LOW HITPOINT WARNING * * *
The yak gores you!
You die...

.....#)'####........#####...# #..
'#.#.'..÷..#................# #..
§#.#.#.....#................###..
##.#.#.....#.....................
###########.#######.............
........#.....#.............
........#...Y.#.............
........+...Y.#.#########'#.
#.......###@###.#.........#.
#...............#....)...(#.
#....#####......#.........#.
#..Y. #......#.........#> #..Y.
#......#.........#. #.Y.
#......###########. #............
#..........## #..........#


You could see 2 yaks.

Vanquished Creatures
  The ghost of Foomius the Chiller, a novice OpIE of Vehumet (D:5)
  A yak (D:9)
  A human (D:9)
  A water moccasin (D:6)
  An ice beast (D:4)
  A sky beast (D:5)
  2 ogres (D:5)
  A centaur (D:9)
  A giant frog (D:5)
  2 scorpions
  A crimson imp (D:6)
  A jelly (D:5)
  Crazy Yiuf (D:3)
  4 orc priests
  A centaur skeleton (D:6)
  2 hounds
  An orc wizard (D:5)
  A giant frog skeleton (D:5)
  Jessica (D:2)
  3 iguanas
  3 worker ants (D:4)
  Natasha (thrice) (D:4)
  A killer bee zombie (D:5)
  4 gnolls
  13 adders
  2 oozes
  An adder skeleton (D:5)
  6 worms
  5 giant geckos
  16 orcs
  4 giant cockroaches
  8 goblins
  13 hobgoblins
  21 jackals
  5 quokkas
  A ball python (D:5)
  11 bats
  A giant gecko skeleton (D:4)
  9 giant newts
  10 kobolds
  10 rats
  2 fungi (D:3)
177 creatures vanquished.

Vanquished Creatures (others)
  3 yaks (D:9)
  A crocodile (D:9)
4 creatures vanquished.

Grand Total: 181 creatures vanquished

Notes
Turn   | Place    | Note
--------------------------------------------------------------
     0 | Abyss:1  | Borgoz the Ghoul Abyssal Knight began the quest for the Orb.
     0 | Abyss:1  | Reached XP level 1. HP: 19/19 MP: 1/1
   103 | Abyss:2  | Noticed a thrashing horror
   106 | D:1      | Escaped the Abyss
   231 | D:1      | Reached * piety under Lugonu
   231 | D:1      | Reached XP level 2. HP: 20/26 MP: 2/2
   482 | D:1      | Reached skill level 1 in Dodging
   870 | D:1      | Reached XP level 3. HP: 33/33 MP: 3/3
   898 | D:1      | Reached skill level 4 in Fighting
  1102 | D:2      | Noticed Jessica
  1119 | D:2      | Killed Jessica
  1119 | D:2      | Reached XP level 4. HP: 26/40 MP: 4/4
  1568 | D:2      | Found a stormy altar of Qazlal.
  1741 | D:2      | Reached ** piety under Lugonu
  1841 | D:2      | Noticed a moth of wrath
  1844 | D:2      | Found a bloodstained altar of Trog.
  1915 | D:1      | HP: 1/40 [hobgoblin/club (4)]
  2238 | D:2      | Reached XP level 5. HP: 36/46 MP: 5/5
  2580 | D:3      | Found a shattered altar of Ashenzari.
  2778 | D:3      | Reached *** piety under Lugonu
  2974 | D:3      | Reached XP level 6. HP: 19/53 MP: 6/6
  3439 | D:3      | Noticed Crazy Yiuf
  3453 | D:3      | Killed Crazy Yiuf
  3595 | D:4      | Found a glowing silver altar of Zin.
  3595 | D:4      | Found a shadowy altar of Dithmenos.
  3609 | D:4      | Found a white marble altar of Elyvilon.
  3610 | D:4      | Got a smoking leather armour
  3640 | D:4      | Reached skill level 5 in Fighting
  3651 | D:4      | Identified the cursed +0 leather armour "Puatwoyt" {rCorr Stlth+} (You found it on level 4 of the Dungeon)
  3803 | D:4      | Noticed Natasha
  3887 | D:4      | Killed Natasha
  3900 | D:4      | Noticed Natasha
  3909 | D:4      | Killed Natasha
  3970 | D:4      | Noticed Natasha
  3992 | D:4      | Killed Natasha
  3992 | D:4      | Reached XP level 7. HP: 7/61 MP: 7/7
  4135 | D:4      | Got a warped shield
  4179 | D:4      | Reached **** piety under Lugonu
  4379 | D:5      | Entered Level 5 of the Dungeon
  4385 | D:5      | Identified the +5 shield of the Rabble {rPois rC- rCorr Int-3} (You found it on level 4 of the Dungeon)
  4522 | D:5      | Found Olyiclid's Antique Armour Shoppe.
  4547 | D:5      | Noticed Foomius's ghost (novice OpIE)
  4616 | D:5      | Killed Foomius's ghost
  4616 | D:5      | Reached skill level 6 in Fighting
  4616 | D:5      | Reached skill level 1 in Stealth
  4616 | D:5      | Reached XP level 8. HP: 16/70 MP: 8/8
  4906 | D:5      | Reached skill level 5 in Dodging
  5312 | D:5      | Reached skill level 5 in Unarmed Combat
  6077 | D:6      | Reached skill level 7 in Fighting
  6077 | D:6      | Reached XP level 9. HP: 60/78 MP: 9/9
  6199 | D:6      | Found an oddly glowing altar of Pakellas.
  6499 | D:6      | Found a shimmering altar of Xom.
  6760 | D:7      | You fall through a shaft for 2 floors!
  6809 | D:9      | Found a blossoming altar of Fedhas.
  7512 | D:9      | Slain by a yak

Vault maps used:
D:1:      dpeg_arrival_morbid_curiosity
D:2:      tgw_trog, old_standard_altar, first_bread, minivault_19, uniq_jessica
D:3:      cheibrodos_ashenzari_chains, uniq_crazy_yiuf_cottage
D:4:      grunt_temple_overflow_open, nicolae_overflow_hidden_temple,
          uniq_natasha
D:5:      serial_shops, shop, minmay_lizard_king
D:6:      tgw_xom, grunt_pakellas_salt
D:7:      kennysheep_mini, minmay_temple_entry_mist, uniq_prince_ribbit1
D:9:      basic_altar, serial_bayou_lagoon_a, grunt_pizzeria

Action                   |  1- 3 |  4- 6 |  7- 9 || total
-------------------------+-------+-------+-------++-------
Melee: Unarmed           |   115 |   385 |   419 ||   919
Invok: Depart the Abyss  |     1 |       |       ||     1
       Banish            |       |       |     5 ||     5
Evoke: Wand              |       |       |     1 ||     1
  Use: Potion            |       |     1 |    10 ||    11
       Scroll            |       |       |     3 ||     3
 Stab: Sleeping          |       |     1 |     8 ||     9
  Eat: Chunk             |    12 |    31 |    55 ||    98
